 Dungeon Crawl Stone Soup version 0.19-a0-32-gbfd796a (webtiles) character file.

96 inmateoo the Scratcher (level 4, -8/22 HPs)
             Began as a Felid Fighter on May 2, 2016.
             Mangled by Crazy Yiuf
             ... wielding a +4 quarterstaff of chaos
              (16 damage)
             ... on level 3 of the Dungeon.
             The game lasted 00:03:08 (2349 turns).

inmateoo the Scratcher (Felid Fighter)              Turns: 2349, Time: 00:03:08

Health: -8/22      AC:  1    Str: 13    XL:     4   Next: 41%
Magic:  5/5        EV: 20    Int: 10    God:
Gold:   193        SH:  2    Dex: 15    Spells: 0 memorised, 3 levels left
                                        Lives:  0   Deaths: 1

rFire  . . .     SeeInvis +       - Unarmed
rCold  . . .     Gourm    .     (armour unavailable)
rNeg   . . .     Faith    .     (shield unavailable)
rPois  .         Spirit   .     (helmet unavailable)
rElec  .         Dismiss  .     (cloak unavailable)
rCorr  .         Reflect  +     (gloves unavailable)
SustAt .         Harm     .     (boots unavailable)
MR     .....                    e - +2 amulet of reflection
Stlth  +++.......               (no ring)
                                (no ring)

@: quick, not resistant to hostile enchantments, fairly stealthy
A: no armour, no weapons or thrown items, claws 1, fangs 3, see invisible,
carnivore 3, speed 1, shaggy fur 1, slow metabolism 1, sharp paws
a: no special abilities


You were on level 3 of the Dungeon.
You were not hungry.

You visited 1 branch of the dungeon, and saw 3 of its levels.

You collected 193 gold pieces.

Inventory:

Jewellery
 e - a +2 amulet of reflection (around neck)
Wands
 c - a wand of confusion (23/48)
Scrolls
 f - a scroll of remove curse
 h - a scroll of identify
 o - a scroll of amnesia {unknown}
Potions
 a - 2 potions of might
 d - 2 potions of heal wounds
 g - a potion of resistance
 i - a potion of invisibility
 m - 2 potions of lignification
 n - a potion of agility
Comestibles
 b - a meat ration
 j - a royal jelly


   Skills:
 + Level 3.8 Fighting
 + Level 5.0 Dodging
 + Level 3.4 Stealth
 * Level 5.2 Unarmed Combat


You had 3 spell levels left.
You didn't know any spells.

Dungeon Overview and Level Annotations

Branches:
Dungeon (3/15)

Altars:

Annotations:
D:3 Crazy Yiuf, Ijyb


Innate Abilities, Weirdness & Mutations

You cannot wear armour.
You are incapable of wielding weapons or throwing items.
You have sharp claws.
You have razor-sharp teeth.
You have supernaturally acute eyesight.
You are carnivorous and can eat meat at any time.
You cover ground quickly.
You are covered in fur (AC +1).
You have a slow metabolism.
Your sharp claws are effective at attacking unaware monsters.


Message History

It is a wand of acid.
You are now level 4!
You rejoin the land of the living...
Found a glowing mace.
Crazy Yiuf the Enlightened comes into view.
He is wielding a quarterstaff of chaos.
Crazy Yiuf is nearby!
Crazy Yiuf shouts!
Crazy Yiuf hits you with a quarterstaff of chaos.
You scratch Crazy Yiuf. Your bite misses Crazy Yiuf.
Crazy Yiuf is moderately wounded.
Crazy Yiuf drinks a potion.
Crazy Yiuf seems to grow stronger.
You scratch Crazy Yiuf. You claw Crazy Yiuf!
Crazy Yiuf is almost dead.
Crazy Yiuf hits you with a quarterstaff of chaos.
Crazy Yiuf freezes you.
You barely miss Crazy Yiuf.
Crazy Yiuf is almost dead.
Crazy Yiuf hits you with a quarterstaff of chaos!
Ouch! That really hurt!
You die...

##### #######
#)..### ##.....#
#g@...####......###
#...##..#.......##.
########.#.........
#######..##) #..##.
########..##.
#...>........
#.........##.
#.........##.


You could see Crazy Yiuf.

Vanquished Creatures
  An ogre (D:3)
  3 adders
  3 oozes
  2 worms
  A dart slug (D:1)
  The ghost of M4edhros the Grave Robber, a weakling OpNe (D:3)
  4 giant geckos
  4 orcs (D:3)
  A ball python (D:2)
  5 bats
  7 giant cockroaches
  5 goblins
  2 hobgoblins (D:1)
  3 giant newts
  6 kobolds
  4 rats (D:1)
52 creatures vanquished.

Notes
Turn   | Place    | Note
--------------------------------------------------------------
     0 | D:1      | inmateoo the Felid Fighter began the quest for the Orb.
     0 | D:1      | Reached XP level 1. HP: 10/10 MP: 2/2
   358 | D:1      | Reached XP level 2. HP: 12/14 MP: 3/3
   727 | D:1      | Reached skill level 1 in Stealth
  1156 | D:1      | Reached XP level 3. HP: 17/17 MP: 4/4
  1787 | D:3      | Noticed an ogre
  1790 | D:3      | Killed an ogre
  1790 | D:3      | Reached skill level 5 in Unarmed Combat
  1790 | D:3      | Reached XP level 4. HP: 22/22 MP: 5/5
  1790 | D:3      | Reached XP level 5. HP: 25/25 MP: 6/6
  2147 | D:3      | Noticed M4edhros's ghost (weakling OpNe)
  2154 | D:3      | Killed M4edhros's ghost
  2318 | D:3      | Noticed Ijyb
  2321 | D:3      | Reached skill level 5 in Dodging
  2324 | D:3      | Splashed by Ijyb's acid
  2325 | D:3      | Reached XP level 4. HP: -1/22 MP: 5/5
  2341 | D:3      | Noticed Crazy Yiuf
  2349 | D:3      | Mangled by Crazy Yiuf

Vault maps used:
D:1:      mrwooster_arrival_statue
D:2:      first_bread
D:3:      serial_bayou, serial_bayou_shore_a, serial_bayou_lagoon_a,
          serial_bayou_pond_d, serial_bayou_shore_b, uniq_crazy_yiuf_cottage,
          uniq_iyjb

Skill      XL: |  1  2  3  4  5 |
---------------+----------------+-----
Stealth        | 1 3 |  3.4
Unarmed Combat | 5 |  5.2
Dodging        | 5 |  5.0
Fighting       | |  3.8

Action                   |  1- 3 |  4- 6 || total
-------------------------+-------+-------++-------
Melee: Unarmed           |    92 |    42 ||   134
       Bite              |     6 |     4 ||    10
       Punch             |     2 |     1 ||     3
  Use: Scroll            |     5 |     4 ||     9
 Stab: Sleeping          |     8 |     4 ||    12
  Eat: Chunk             |     9 |     1 ||    10
Armor: Skin              |     3 |     1 ||     4
Dodge: Dodged            |    65 |    21 ||    86
Block: Other             |     2 |     3 ||     5
